 Dungeon Crawl Stone Soup version 0.29.1-1-gd02db6906a (webtiles) character file.

Game seed: 17068128317935199044

21679 holycorn the Executioner (level 12, -2/110 HPs)
             Began as a Minotaur Berserker on Sept 21, 2022.
             Was a High Priest of Trog.
             Slain by a death yak (66 damage)
             ... on level 3 of the Lair of Beasts.
             The game lasted 00:33:21 (10240 turns).

holycorn the Executioner (Minotaur Berserker)      Turns: 10240, Time: 00:33:21

Health: -2/110     AC: 19    Str: 27    XL:     12   Next: 56%
Magic:  11/11      EV:  2    Int:  4    God:    Trog [*****.]
Gold:   821        SH:  0    Dex: 14    Spells: 11/11 levels left

rFire   + . .      SeeInvis .   B - +3 executioner's axe (vorpal)
rCold   . . .      Faith    .   (shield currently unavailable)
rNeg    . . .      Spirit   .   Y - +4 scale mail {rF+}
rPois   .          Reflect  .   (helmet restricted)
rElec   .          Harm     .   X - +2 cloak {Will+}
rCorr   .          Rampage  .   (no gloves)
Will    +++..                   c - +1 pair of boots
Stlth   ..........              i - amulet of regeneration
HPRegen 2.08/turn               R - +4 ring of evasion
MPRegen 0.12/turn               V - ring "Wyriul" {AC+4 Dex+4}

@: sleeping, strong-willed, regenerating
A: horns 2, retaliatory headbutt
a: Renounce Religion, Berserk, Trog's Hand, Brothers in Arms


You were on level 3 of the Lair of Beasts.
You worshipped Trog.
Trog was extremely pleased with you.
You visited 2 branches of the dungeon, and saw 13 of its levels.
You also visited: Gauntlet.

You collected 965 gold pieces.
You spent 144 gold pieces at shops.

Inventory:

Hand Weapons
 d - a +1 vampiric hand axe
 l - the +8 lance "Wyrmbane" {slay drac, rPois rF+ rC+ AC+3}
   (You took it off a minotaur in a Gauntlet)

   It inflicts extra damage against dragons and draconians.
   AC:        It affects your AC (+3).
   rF:        It protects you from fire.
   rC:        It protects you from cold.
   rPois:     It protects you from poison.
 o - a +3 battleaxe of freezing
 B - a +3 vorpal executioner's axe (weapon)
Missiles
 I - 4 throwing nets (quivered)
Armour
 c - a +1 pair of boots (worn)
 v - a +0 tower shield
 y - a scarf of repulsion
 H - a +0 cloak of poison resistance
 X - a +2 cloak of willpower (worn)
 Y - a +4 scale mail of fire resistance (worn)
Jewellery
 i - an amulet of regeneration (around neck)
 n - a ring of protection from cold
 E - an amulet of guardian spirit
 L - an amulet of reflection
 R - a +4 ring of evasion (left hand)
 S - a ring of protection from fire
 U - a +4 ring of protection
 V - the ring "Wyriul" (right hand) {AC+4 Dex+4}
   (You found it in a Gauntlet)

   [ring of protection]

   AC:        It affects your AC (+4).
   Dex:       It affects your dexterity (+4).
 W - a ring of protection from cold
Wands
 r - a wand of mindburst (31)
 w - a wand of roots (17)
 D - a wand of paralysis (4)
 K - a wand of light (9)
 M - a wand of polymorph (7)
 T - a wand of flame (21)
Scrolls
 a - a scroll of poison {unknown}
 b - a scroll of brand weapon {unknown}
 e - a scroll of fog {unknown}
 h - 3 scrolls of teleportation
 t - 3 scrolls of blinking
 u - a scroll of enchant armour
 F - 4 scrolls of magic mapping
 O - 2 scrolls of fear
 P - a scroll of summoning {unknown}
Potions
 f - a potion of berserk rage
 g - 4 potions of mutation
 j - a potion of resistance
 k - 11 potions of curing
 m - 3 potions of lignification
 p - 5 potions of attraction
 q - 2 potions of brilliance
 s - 2 potions of magic
 x - 3 potions of degeneration
 G - 3 potions of flight
 J - 2 potions of heal wounds
 N - 2 potions of haste {unknown}


   Skills:
 + Level 11.4 Fighting
 * Level 22.0 Axes
 - Level 0.1(14.5) Polearms
 - Level 2.5 Armour
 - Level 2.2 Dodging


You had 11 spell levels left.
You didn't know any spells.
Your spell library was empty.

Dungeon Overview and Level Annotations

Branches:
Dungeon (10/15)            Temple (0/1) D:4            Lair (3/5) D:10
  Snake (0/4) Lair:2          Orc (0/2) D:9         Gauntlet (visited)
  Swamp: Lair:2-3    Shoals: Lair:2-3

Altars:
Ashenzari
Dithmenos
Elyvilon
Fedhas
Kikubaaqudgha
Nemelex Xobeh
Qazlal
Ru
Trog
Uskayaw
Wu Jian
Xom
Yredelemnul
Zin
The Shining One

Shops:
D:5 [*:[   D:9 (

Portals:
Trove: D:10 (give 5 scrolls of blinking)

Annotations:
D:8 1 runed translucent door, Fractals's ghost, novice OpHW


Innate Abilities, Weirdness & Mutations

You have a pair of horns on your head.
You reflexively headbutt those who attack you in melee.


Message History

You feel strong-willed.
The dream sheep ruffle their wool and motes of dream dust sparkle, to no effect.
The death yak gores you!!
A dream sheep comes into view.
You hit the death yak but do no damage.
You headbutt the death yak, but do no damage.
The death yak is moderately wounded.
The death yak completely misses you.
A dream sheep comes into view.
You slice the death yak!! You headbutt the death yak!
The death yak is severely wounded.
The dream sheep shake their wool and sparkle.
You feel drowsy...
You fall asleep.
The death yak gores you!!
You wake up.
You hear a bellow!
You hit the death yak.
The death yak is severely wounded.
You hear a bleat!
You slash the death yak!
You kill the death yak!
Trog accepts your kill.
You hear a bellow!
Your Axes skill increases to level 22!
You slice the death yak!!
The death yak is heavily wounded.
The death yak gores you!
A dream sheep comes into view.
A death yak comes into view.
You slice the death yak!!
The death yak is almost dead.
The death yak gores you!!
You feel much better.
The death yak gores you but does no damage.
You hit the death yak. You headbutt the death yak.
The death yak is almost dead.
The dream sheep are wreathed in dream dust.
You feel drowsy...
You fall asleep.
The death yak gores you!!!
Ouch! That really hurt!
You die...

.# ## .# .. Y##. Y#. ....
Y. ####.. .... F##
#..#.#. #P.#####YY# ###
......#. #....##@###...#
....8.#.......###....>.##
.........###............#
...#....#..##.......#####
...#..............##.#
....# ....8....#### ##
...## #.......## #.##
...# #.8...8.### ..# .†.#
##.......#.# ...


You could see a death yak, a cane toad and 4 dream sheep.

Vanquished Creatures
  A dire elephant (Gauntlet)
  A minotaur (Gauntlet)
  A catoblepas (Lair:3)
  2 two-headed ogres
  9 death yaks (Lair:3)
  Joseph (D:7)
  A rust devil (Gauntlet)
  A black mamba (Lair:2)
  6 elephants
  3 cane toads
  A komodo dragon (Lair:3)
  A troll (D:10)
  The ghost of jimonade the Skirmisher, an amateur DEHu (D:4)
  Eustachio (D:4)
  2 wyverns
  A ynoxinul (Gauntlet)
  20 yaks
  A basilisk (D:10)
  4 steam dragons
  2 nagas (Lair:2)
  4 water moccasins
  5 orc warriors
  A sky beast (D:8)
  2 ice beasts (D:7)
  5 black bears
  2 centaurs
  An ogre (D:7)
  A phantom (D:5)
  A gnoll sergeant (D:8)
  5 kobold brigands
  3 scorpions
  6 bullfrogs
  A necrophage (D:6)
  4 wights (D:7)
  7 howler monkeys
  An electric eel (Lair:1)
  4 hounds
  2 jellies (D:6)
  An orc priest (D:6)
  2 gnoll boudas
  Crazy Yiuf (D:7)
  4 iron imps (Gauntlet)
  5 iguanas
  10 orc wizards
  5 adders
  13 gnolls
  3 white imps
  7 worms
  A dart slug (D:4)
  39 orcs
  10 ball pythons
  A bat zombie (D:10)
  6 endoplasms
  5 giant cockroaches
  8 goblins
  6 hobgoblins
  4 jackals (D:4)
  5 quokkas
  2 bats
  2 frilled lizards
  22 kobolds
  9 rats
286 creatures vanquished.

Vanquished Creatures (others)
  A demonic plant (Gauntlet)
  6 fungi (Lair:3)
  9 plants
16 creatures vanquished.

Grand Total: 302 creatures vanquished

Notes
Turn   | Place    | Note
-------+----------+-------------------------------------------
     0 | D:1      | holycorn the Minotaur Berserker began the quest for the
                  | Orb.
     0 | D:1      | Reached XP level 1. HP: 19/19 MP: 0/0
   714 | D:1      | Reached XP level 2. HP: 27/27 MP: 1/1
   781 | D:1      | Reached skill level 4 in Axes
  1383 | D:2      | Reached XP level 3. HP: 33/33 MP: 2/2
  1387 | D:2      | You fall into a shaft and drop 2 floors!
  1654 | D:3      | Noticed a +0 hand axe
  1654 | D:3      | Noticed a +0 hand axe
  1660 | D:3      | Found a hide-covered altar of Uskayaw.
  1673 | D:3      | Reached ** piety under Trog
  1731 | D:2      | Reached skill level 5 in Axes
  1818 | D:2      | Reached XP level 4. HP: 41/41 MP: 3/3
  2103 | D:3      | Found a faded altar of an unknown god.
  2793 | D:4      | Found a staircase to the Ecumenical Temple.
  2807 | D:4      | Noticed a bullfrog
  2811 | D:4      | Killed a bullfrog
  2812 | D:4      | Reached skill level 6 in Axes
  2812 | D:4      | Reached XP level 5. HP: 47/47 MP: 4/4
  2936 | D:4      | Reached *** piety under Trog
  3066 | D:4      | Found a runed translucent door.
  3066 | D:4      | Noticed jimonade's ghost (amateur DEHu)
  3082 | D:4      | Killed jimonade's ghost
  3083 | D:4      | Reached skill level 5 in Fighting
  3083 | D:4      | Reached skill level 7 in Axes
  3083 | D:4      | Reached XP level 6. HP: 51/56 MP: 5/5
  3127 | D:4      | Noticed Eustachio
  3136 | D:4      | Killed Eustachio
  3137 | D:4      | Reached skill level 8 in Axes
  3142 | D:4      | Found a shadowy altar of Dithmenos.
  3146 | D:4      | Reached skill level 9 in Axes
  3146 | D:4      | Reached XP level 7. HP: 61/61 MP: 6/6
  3383 | D:4      | Noticed a moth of wrath
  3386 | D:4      | Found a bloodstained altar of Trog.
  3447 | D:5      | Entered Level 5 of the Dungeon
  3476 | D:5      | Found Etidynor's Assorted Antiques.
  3537 | D:5      | Found Deuxatto's Book Shoppe.
  3544 | D:5      | Found Ajezxo's Antique Armour Emporium.
  3565 | D:5      | Bought a runed scarf for 144 gold pieces
  3641 | D:5      | Reached skill level 10 in Axes
  3775 | D:5      | Reached XP level 8. HP: 67/70 MP: 7/7
  3840 | D:5      | Reached skill level 11 in Axes
  3879 | D:5      | Found Pymeith's Antique Armour Emporium.
  4307 | D:6      | Reached skill level 12 in Axes
  4462 | D:6      | Found a sacrificial altar of Ru.
  4740 | D:6      | Reached **** piety under Trog
  4992 | D:7      | Identified a scroll of acquirement
  4992 | D:7      | Acquired a +2 vorpal executioner's axe
  5048 | D:7      | Found a stormy altar of Qazlal.
  5050 | D:7      | Reached skill level 13 in Axes
  5050 | D:7      | Reached XP level 9. HP: 79/79 MP: 8/8
  5204 | D:7      | Found a basalt altar of Yredelemnul.
  5206 | D:7      | Noticed Joseph
  5218 | D:7      | Killed Joseph
  5304 | D:7      | Reached skill level 14 in Axes
  5354 | D:7      | Found a blossoming altar of Fedhas.
  5611 | D:7      | Found a runed translucent door.
  5612 | D:7      | Noticed Crazy Yiuf
  5882 | D:7      | Killed Crazy Yiuf
  6102 | D:8      | Reached skill level 15 in Axes
  6179 | D:8      | Found a runed translucent door.
  6179 | D:8      | Found a shimmering altar of Xom.
  6179 | D:8      | Noticed Fractals's ghost (novice OpHW)
  6180 | D:8      | Noticed a +6 long sword of chaos
  6206 | D:8      | Found a glowing golden altar of the Shining One.
  6217 | D:8      | Reached ***** piety under Trog
  6549 | D:8      | Found a broken altar of Ashenzari.
  6561 | D:8      | Found a white marble altar of Elyvilon.
  6944 | D:9      | Reached XP level 10. HP: 88/88 MP: 9/9
  7001 | D:9      | Found Onuni's Weapon Boutique.
  7001 | D:9      | Found a staircase to the Orcish Mines.
  7017 | D:9      | Reached skill level 16 in Axes
  7020 | D:9      | Noticed a two-headed ogre
  7027 | D:9      | Killed a two-headed ogre
  7034 | D:9      | Reached skill level 17 in Axes
  7136 | D:9      | Found a large runed translucent door.
  7137 | D:9      | Found a large runed translucent door.
  7569 | D:9      | Found a glowing silver altar of Zin.
  7572 | D:9      | Found a sparkling altar of Nemelex Xobeh.
  7655 | D:10     | Entered Level 10 of the Dungeon
  7676 | D:10     | Noticed a two-headed ogre
  7680 | D:10     | Killed a two-headed ogre
  7703 | D:10     | Found a portal to a secret trove of treasure.
  7816 | D:10     | Found a staircase to the Lair.
  7822 | D:10     | Reached skill level 18 in Axes
  7881 | D:10     | Found an ancient bone altar of Kikubaaqudgha.
  7978 | D:10     | Reached XP level 11. HP: 53/93 MP: 10/10
  8024 | D:10     | Found an ornate altar of the Wu Jian Council.
  8332 | Lair:1   | Entered Level 1 of the Lair of Beasts
  8645 | Lair:1   | Found a gate leading to a gauntlet.
  8654 | Gauntlet | Entered a Gauntlet
  8654 | Gauntlet | Noticed a necromancer
  8654 | Gauntlet | Found a transporter.
  8654 | Gauntlet | Found a runed translucent door.
  8654 | Gauntlet | Found a transporter.
  8721 | Gauntlet | Found a transporter.
  8721 | Gauntlet | Found a transporter.
  8744 | Gauntlet | Found a transporter.
  8745 | Gauntlet | Found a transporter.
  8748 | Gauntlet | Identified the ring "Wyriul" {AC+4 Dex+4}
  8755 | Gauntlet | Noticed a fire crab
  8759 | Gauntlet | Found a transporter.
  8759 | Gauntlet | Found a transporter.
  8760 | Gauntlet | Noticed a glowing orange brain
  8760 | Gauntlet | Noticed a glowing orange brain
  8767 | Gauntlet | Noticed a cyan ugly thing
  8768 | Gauntlet | Found a runed translucent gate.
  8768 | Gauntlet | Found the +8 storm bow {elec, penet}
  8769 | Gauntlet | Found a transporter.
  8769 | Gauntlet | Found a transporter.
  8769 | Gauntlet | Found a runed translucent gate.
  8771 | Gauntlet | Noticed a dire elephant
  8774 | Gauntlet | Found a runed translucent gate.
  8777 | Gauntlet | Found a transporter.
  8788 | Gauntlet | Found a transporter.
  8792 | Gauntlet | Killed a dire elephant
  8793 | Gauntlet | Reached skill level 19 in Axes
  8867 | Gauntlet | Found the +7 Spriggan's Knife {stab, EV+4 Stlth+}
  8867 | Gauntlet | Noticed a minotaur
  8876 | Gauntlet | Killed a minotaur
  9276 | Lair:2   | Found a staircase to the Snake Pit.
  9382 | Lair:2   | Reached skill level 10 in Fighting
  9384 | Lair:2   | Identified the +2 long sword of Purpose {protect, rElec
                  | Dex+4}
  9800 | Lair:3   | Reached skill level 20 in Axes
  9871 | Lair:3   | Noticed a catoblepas
  9887 | Lair:3   | Killed a catoblepas
  9888 | Lair:3   | Reached XP level 12. HP: 108/108 MP: 11/11
  9962 | Lair:3   | Noticed a death yak
  9962 | Lair:3   | Noticed a death yak
  9964 | Lair:3   | Noticed a death yak
  9964 | Lair:3   | Noticed a death yak
  9965 | Lair:3   | Noticed a death yak
  9967 | Lair:3   | Noticed a death yak
  9969 | Lair:3   | Killed a death yak
  9970 | Lair:3   | Reached skill level 21 in Axes
  9973 | Lair:3   | Killed a death yak
  9981 | Lair:3   | Killed a death yak
  9986 | Lair:3   | Killed a death yak
  9989 | Lair:3   | Killed a death yak
  9996 | Lair:3   | Killed a death yak
 10223 | Lair:3   | Noticed a death yak
 10223 | Lair:3   | Noticed a death yak
 10225 | Lair:3   | Killed a death yak
 10225 | Lair:3   | Noticed a death yak
 10227 | Lair:3   | Noticed a death yak
 10230 | Lair:3   | Killed a death yak
 10236 | Lair:3   | Killed a death yak
 10237 | Lair:3   | Reached skill level 22 in Axes
 10238 | Lair:3   | Noticed a death yak
 10240 | Lair:3   | Slain by a death yak

Illustrated notes

Levels and vault maps discovered:
D:1:      kilobyte_arrival_exit_the_forest, layout_basic
D:2:      layout_rooms, minmay_small_reverse_x
D:3:      layout_basic, dancing_weapons_uskayaw,
          nicolae_ecumenical_snake_handling, roderic_lattice_a
D:4:      layout_loops_ring, tgw_trog, grunt_dithmenos_smoke_and_mirrors,
          minmay_temple_entry_glassed_door, ebering_ghost_reflecting_pool,
          minmay_misc_feat_rugged, uniq_eustachio
D:5:      layout_rooms, serial_shops, shop_fountains, nicolae_stop_n_shop_1,
          nicolae_shop_window_shopping, nicolae_take_the_stairs,
          kennysheep_opposing_triangles
D:6:      layout_loops_cross, mainiacjoe_overflow_paths
D:7:      layout_loops_ring, mainiacjoe_overflow_tiny_flanked,
          lemuel_round_altar, overflow_temple_1_default,
          uniq_crazy_yiuf_cottage, uniq_joseph
D:8:      layout_loops_corners, elyvilon_altar_1, tso_oasis_becter,
          overflow_temple_1_default, ebering_ghost_xom
D:9:      layout_small_grid, jmf_multi_god_temple2, orc_david_3, st_stairs_3
D:10:     layout_roguey, lemuel_zombie_altar_kikubaaqudgha, marbit_many_paths,
          david_lair_generic, nicolae_trove_entry_columns,
          minmay_misc_feat_plants
Lair:1:   layout_big_grid, gauntlet_entry_generic, serial_bayou_shore_a
Lair:2:   layout_roguey, minmay_snake_entry_guardpost_small, grunt_megastairs_2
Lair:3:   layout_loops_ring, minmay_swamp_entry_reptiles, grunt_megastairs_4

Skill      XL: |  1  2  3  4  5  6  7  8  9 10 11 12 |
---------------+-------------------------------------+-----
Fighting       | 4 5 7 8 9 10 11 | 11.4
Axes           | 4 5 6 7 9 10 13 15 18 20 22 | 22.0
Polearms       | |  0.1
Armour         | |  2.5
Dodging        | |  2.2

Action                   |  1- 3 |  4- 6 |  7- 9 | 10-12 || total
-------------------------+-------+-------+-------+-------++-------
Melee: Hand axe          |   102 |    81 |   175 |       ||   358
       Headbutt          |    23 |    13 |    48 |    53 ||   137
       Punch             |       |     1 |     3 |       ||     4
       Executioner's axe |       |       |   121 |   219 ||   340
       Lance             |       |       |       |     4 ||     4
Invok: Berserk           |       |     1 |     4 |     5 ||    10
       Trog's Hand       |       |       |       |     2 ||     2
       Brothers in Arms  |       |       |       |     1 ||     1
  Use: Scroll            |       |     8 |     8 |     7 ||    23
       Potion            |       |       |       |     3 ||     3
 Stab: Petrified         |       |       |       |     4 ||     4
       Petrifying        |       |       |       |     1 ||     1
Armor: Animal skin       |     3 |       |       |       ||     3
       Chain mail        |    30 |    38 |   150 |    43 ||   261
       Scale mail        |       |       |       |    33 ||    33
Dodge: Dodged            |    37 |    29 |    93 |    75 ||   234
       Repelled          |       |       |     2 |       ||     2
